 Dungeon Crawl Stone Soup version 0.25-a0-713-g4845790874 (webtiles) character file.

Game seed: 17584674539779560383, levelgen mode: deterministic

2727 Hastur the Fighter (level 9, 0/101 HPs)
             Began as an Ogre Arcane Marksman on Apr 5, 2020.
             Was a Priest of Okawaru.
             Slain by Psyche
             ... wielding a +3 dagger of chaos
              (3 damage)
             ... on level 8 of the Dungeon.
             The game lasted 00:40:29 (12482 turns).

Hastur the Fighter (Ogre Arcane Marksman)          Turns: 12482, Time: 00:40:29

Health: 0/101      AC:  7    Str: 17      XL:     9   Next: 67%
Magic:  12/13      EV: 14    Int: 16      God:    Okawaru [***...]
Gold:   314        SH:  0    Dex:  8 (9)  Spells: 8/14 levels left

rFire    . . .     SeeInvis .   D - +0 giant club
rCold    . . .     Gourm    .   (shield currently unavailable)
rNeg     . . .     Faith    .   g - +0 acid dragon scales
rPois    .         Spirit   .   (helmet restricted)
rElec    .         Reflect  .   (no cloak)
rCorr    +         Harm     .   (gloves unavailable)
MR       .....                  (boots unavailable)
Stlth    +.........             (no amulet)
HPRegen  0.26/turn              y - ring of resist corrosion
MPRegen  0.13/turn              (no ring)

@: agile, berserk cooldown, very slightly contaminated, slowed, lightly drained,
very slow
A: large, unfitting armour, tough skin 1
a: Heroism, Renounce Religion


You were on level 8 of the Dungeon.
You worshipped Okawaru.
Okawaru was most pleased with you.
You were very hungry.

You visited 2 branches of the dungeon, and saw 9 of its levels.

You collected 314 gold pieces.

Inventory:

Hand Weapons
 s - a +0 dagger of draining
 A - a +0 hunting sling
 C - the +10 dagger "Sisch" {flame, *Slow rF+ Stlth+}
   (You found it on level 6 of the Dungeon)

   It has been specially enchanted to burn those struck by it, causing extra
   injury to most foes and up to half again as much damage against particularly
   susceptible opponents.
   It protects you from fire.
   It may slow you when you take damage.
   It makes you more stealthy.
 D - a +0 giant club (weapon)
Missiles
 e - 68 sling bullets
 i - 3 large rocks (quivered)
 p - 4 poisoned darts
 q - 202 stones
 z - 8 atropa-tipped darts
 E - 9 javelins
 I - 5 silver boomerangs
Armour
 a - a +0 robe
 g - +0 acid dragon scales (worn)
Jewellery
 y - a ring of resist corrosion (left hand)
Scrolls
 b - 4 scrolls of teleportation
 c - a scroll of noise {unknown}
 h - 4 scrolls of remove curse
 j - a scroll of amnesia
 o - a scroll of fear
 r - 2 scrolls of fog
 x - a scroll of magic mapping
 F - a scroll of enchant armour {unknown}
 H - 2 scrolls of identify
Potions
 k - 2 potions of curing
 l - a potion of lignification
 m - a potion of ambrosia
 n - 4 potions of brilliance
 t - 2 potions of haste
 u - 2 potions of heal wounds
 v - a potion of might
 w - a potion of invisibility
 B - a potion of stabbing {unknown}
 G - a potion of resistance
Comestibles
 f - 4 rations


   Skills:
 - Level 10.1(9.5) Fighting
 + Level 7.7(7.1) Throwing
 - Level 1.7(1.2) Dodging
 - Level 3.0(2.5) Spellcasting
 - Level 4.0(3.5) Hexes
 - Level 4.0(3.5) Translocations
 + Level 3.6(3.1) Invocations


You had 8 spell levels left.
You knew the following spells:

 Your Spells              Type           Power        Failure   Level  Hunger
a - Corona                Hex            ##.....      6%          1    #......
b - Blink                 Tloc           N/A          10%         2    ##.....
c - Portal Projectile     Hex/Tloc       ##....       19%         3    ###....

Your spell library contained the following spells:

 Spells                   Type           Power        Failure   Level  Hunger
 Slow                     Hex            ##......     10%         2    ##.....
 Magic Dart               Conj           #...         26%         1    #......
 Inner Flame              Hex/Fire       #.......     36%         3    ###....
 Call Imp                 Summ           #.......     38%         2    ##.....
 Cause Fear               Hex            ##........   54%         4    #####..
 Conjure Flame            Conj/Fire      #.......     63%         3    ###....
 Mephitic Cloud           Conj/Pois/Air  #.......     63%         3    ###....
 Leda's Liquefaction      Hex/Erth       #.........   78%         4    #####..


Dungeon Overview and Level Annotations

Branches:
Dungeon (8/15)             Temple (1/1) D:4
   Lair: D:8-11

Altars:
Cheibriados
Dithmenos
Elyvilon
Fedhas
Gozag
Makhleb
Nemelex Xobeh
Okawaru
Qazlal
Ru
Sif Muna
Trog
Uskayaw
Vehumet
Wu Jian
Xom
Zin
The Shining One

Shops:
D:6 %

Annotations:
D:7 Harold
D:8 Psyche


Innate Abilities, Weirdness & Mutations

You are too large for most types of armour.
You have tough skin. (AC +1)


Message History

Psyche casts a spell at you. The puff of flame hits you!
* * * LOW HITPOINT WARNING * * *
Psyche mumbles some strange words.
Psyche flickers and vanishes for a moment.
Psyche gestures at you while chanting. The puff of flame misses you.
Psyche hits you with a +3 dagger of chaos.
* * * LOW HITPOINT WARNING * * *
Psyche freezes you.
* * * LOW HITPOINT WARNING * * *
You feel better. Psyche gestures at you while chanting.
The puff of frost hits you!
* * * LOW HITPOINT WARNING * * *
Psyche casts a spell at you. The puff of flame hits you!
* * * LOW HITPOINT WARNING * * *
Psyche hits you with a +3 dagger of chaos.
You die...

####.#..#...#..#..#.
#.#......#..#.##
#...)..........#
###..#########.#
#..# #....# #....
#.#### ######.....
#...# .....#######
###)# ....># ####@#
.....# #.(@.#
.....## #.####
....... #.# .....#≈
#@# ....PPh #(#
..P≈≈P♣≈≈≈;...#
..PP≈♣♣♣♣≈≈P.(.
..P;♣♣ ♣♣≈P.###


You could see Psyche (invisible).

Vanquished Creatures
  Joseph (D:8)
  Maggie (D:8)
  Grinder (D:5)
  Sigmund (D:6)
  An orc warrior (D:8)
  A phantom (D:2)
  2 ogres (D:6)
  2 centaurs
  A bullfrog (D:7)
  3 scorpions
  3 howler monkeys
  3 crimson imps
  A centaur zombie (D:6)
  A quasit (D:8)
  A hound (D:8)
  4 orc priests
  A bullfrog skeleton (D:4)
  Terence (D:2)
  2 iguanas (D:4)
  7 worker ants
  6 orc wizards (D:4)
  A worker ant zombie (D:5)
  4 gnolls (D:3)
  5 adders
  2 worms
  3 dart slugs (D:1)
  A leopard gecko (D:5)
  19 orcs
  4 giant cockroaches
  3 hobgoblins
  4 jackals
  2 quokkas
  12 bats
  4 frilled lizards
  11 goblins
  5 kobolds
  A leopard gecko skeleton (D:7)
  8 rats
133 creatures vanquished.

Notes
Turn   | Place    | Note
-------+----------+-------------------------------------------
     0 | D:1      | Hastur the Ogre Arcane Marksman began the quest for the
                  | Orb.
     0 | D:1      | Reached XP level 1. HP: 19/19 MP: 2/2
   206 | D:1      | Reached skill level 2 in Fighting
   211 | D:1      | Reached XP level 2. HP: 15/28 MP: 3/3
   881 | D:1      | Reached XP level 3. HP: 34/36 MP: 2/4
  1227 | D:1      | Reached skill level 3 in Fighting
  2015 | D:2      | Reached XP level 4. HP: 24/45 MP: 2/5
  2323 | D:2      | Found a shimmering altar of Xom.
  2323 | D:2      | Found a white marble altar of Elyvilon.
  2386 | D:2      | Noticed Terence
  2410 | D:2      | Killed Terence
  2410 | D:2      | Reached skill level 4 in Fighting
  2479 | D:2      | Found a sacrificial altar of Ru.
  3081 | D:3      | Reached XP level 5. HP: 55/55 MP: 4/6
  3146 | D:3      | Found an iron altar of Okawaru.
  3154 | D:3      | Became a worshipper of Warmaster Okawaru
  3170 | D:3      | Found a bloodstained altar of Trog.
  3180 | D:3      | Learned a level 2 spell: Blink
  3184 | D:3      | Learned a level 3 spell: Portal Projectile
  3246 | D:3      | HP: 1/55 [gnoll/+0 spear (9)]
  4526 | D:2      | Found a glowing silver altar of Zin.
  4583 | D:4      | Found a staircase to the Ecumenical Temple.
  4599 | Temple   | Entered the Ecumenical Temple
  4728 | D:4      | Reached skill level 5 in Fighting
  4784 | D:4      | Reached XP level 6. HP: 66/66 MP: 2/7
  4825 | D:4      | Reached skill level 5 in Throwing
  4972 | D:4      | Found a sparkling altar of Nemelex Xobeh.
  5887 | D:4      | Reached skill level 1 in Translocations
  6390 | D:4      | Reached XP level 7. HP: 65/72 MP: 6/8
  6512 | D:4      | Found a snail-covered altar of Cheibriados.
  6736 | D:5      | Entered Level 5 of the Dungeon
  6891 | D:5      | Noticed Grinder
  6920 | D:4      | Reached * piety under Okawaru
  8769 | D:4      | Reached XP level 8. HP: 43/83 MP: 9/9
  8772 | D:4      | Reached skill level 6 in Fighting
 10108 | D:5      | Reached skill level 7 in Fighting
 10126 | D:5      | Killed Grinder
 10126 | D:5      | Reached ** piety under Okawaru
 10126 | D:5      | Reached skill level 8 in Fighting
 10200 | D:5      | Found a burning altar of Makhleb.
 10637 | D:6      | Noticed Sigmund
 10639 | D:6      | Killed Sigmund
 10639 | D:6      | Reached skill level 9 in Fighting
 10639 | D:6      | Reached XP level 9. HP: 98/98 MP: 11/13
 10979 | D:6      | Found Caugext's Food Boutique.
 11021 | D:6      | Got a twisted dagger
 11476 | D:7      | Identified the +10 dagger "Sisch" {flame, *Slow rF+ Stlth+}
                  | (You found it on level 6 of the Dungeon)
 11483 | D:7      | Noticed Harold
 11865 | D:8      | Reached skill level 10 in Fighting
 12340 | D:8      | Noticed Maggie
 12350 | D:8      | Killed Maggie
 12405 | D:8      | Noticed Joseph
 12435 | D:8      | Killed Joseph
 12435 | D:8      | Reached *** piety under Okawaru
 12451 | D:8      | Noticed Psyche
 12482 | D:8      | HP: 3/101 [Psyche/puff of flame (7)]
 12482 | D:8      | Slain by Psyche

Levels and vault maps discovered:
D:1:      scummos_arrival_gate, layout_basic, kennysheep_another_room,
          minmay_split_cup_large
D:2:      lemuel_upstairs_altar, layout_rooms, lemuel_round_altar,
          gammafunk_temple_overflow_elements, first_ration, serial_park_tiny_2,
          uniq_terence
D:3:      layout_basic, kennysheep_okawaru_gauntlet, lemuel_round_altar,
          grunt_ministairs_4, minmay_misc_feat_hallway, minmay_parallelograms
D:4:      layout_gridville, kennysheep_mini, lemuel_round_altar, temple_pool_b
D:5:      layout_cave_pools, lemuel_doored_altar, kennysheep_dice, uniq_grinder
D:6:      layout_loops_cross, serial_shops, shop_fountains, uniq_sigmund
D:7:      layout_basic, lemuel_zombie_altar_yredelemnul, enter_bailey_3,
          grunt_ogre_cave, uniq_harold
D:8:      layout_basic, moated_statue, serial_bayou_pond_c,
          nicolae_ru_great_annihilating_truth, uniq_psyche, uniq_maggie,
          uniq_joseph
Temple:   nicolae_temple_figure_zero

Skill      XL: |  1  2  3  4  5  6  7  8  9 |
---------------+----------------------------+-----
Fighting       | 2 3 4 5 9 10 | 10.1
Throwing       | 3 4 5 6 7 |  7.7
Hexes          | 3 4 |  4.0
Translocations | 1 3 4 |  4.0
Spellcasting   | 3 |  3.0
Invocations    | 3 |  3.6
Dodging        | |  1.7

Action                   |  1- 3 |  4- 6 |  7- 9 || total
-------------------------+-------+-------+-------++-------
Melee: Unarmed           |    20 |       |       ||    20
       Dagger            |   144 |    77 |   211 ||   432
       Giant club        |       |       |    13 ||    13
 Fire: Hunting sling     |       |       |     9 ||     9
Throw: Large rock        |     5 |     3 |    21 ||    29
       Throwing net      |     1 |       |     5 ||     6
       Stone             |    54 |   236 |   140 ||   430
       Dart              |       |    27 |    58 ||    85
       Javelin           |       |       |    12 ||    12
 Cast: Corona            |    49 |    52 |    53 ||   154
       Portal Projectile |       |       |     1 ||     1
Evoke: Wand              |       |       |    10 ||    10
  Use: Scroll            |     2 |     1 |    12 ||    15
       Potion            |       |       |     3 ||     3
 Stab: Paralysed         |       |       |    22 ||    22
       Held in net/web   |       |       |     3 ||     3
  Eat: Chunk             |     5 |    12 |     9 ||    26
       Ration            |       |     1 |     3 ||     4
Armor: Robe              |    75 |    41 |    59 ||   175
       Acid dragon scale |       |       |    10 ||    10
Dodge: Dodged            |   117 |    83 |   210 ||   410

Table legend:
 A = Non-vault XP
 B = Vault XP
 C = Vault XP percentage of total XP
 D = Non-vault monster count
 E = Vault monster count
 F = Vault count percentage of total count
                 A         B        C        D         E       F
            +---------+---------+-------+---------+---------+-------
      Total |    2492 |    1404 |  36.0 |     119 |      14 |  10.5
            +---------+---------+-------+---------+---------+-------
        D:1 |      48 |      10 |  17.2 |      25 |       4 |  13.8
        D:2 |     164 |      36 |  18.0 |      14 |       1 |   6.7
        D:3 |      84 |       7 |   7.7 |      18 |       4 |  18.2
        D:4 |     999 |       0 |   0.0 |      34 |       0 |   0.0
        D:5 |     387 |     293 |  43.1 |      10 |       2 |  16.7
        D:6 |     412 |     227 |  35.5 |       6 |       1 |  14.3
        D:7 |     109 |       0 |   0.0 |       4 |       0 |   0.0
        D:8 |     289 |     831 |  74.2 |       8 |       2 |  20.0
            +---------+---------+-------+---------+---------+-------
